 Dungeon Crawl Stone Soup version 0.17-a0-802-g1f09329 (webtiles) character file.

22670 Hanyuu the Severer (level 13, -6/113 HPs)
             Began as a Hill Orc Fighter on Apr 25, 2015.
             Was a High Priest of Beogh.
             Mangled by a hill giant
             ... wielding a +0 giant club
              (9 damage)
             ... on level 14 of the Dungeon on Apr 26, 2015.
             The game lasted 01:25:19 (17012 turns).

Hanyuu the Severer (Hill Orc Fighter)              Turns: 17012, Time: 01:25:21

Health: -6/113     AC: 12    Str: 24    XL:     13   Next: 1%
Magic:  14/14      EV: 14    Int: 11    God:    Beogh [*****.]
Gold:   409        SH:  0    Dex: 10    Spells: 1 memorised, 12 levels left

rFire  + . .     SeeInvis .     S - +5 executioner's axe (vamp)
rCold  . . .     Clarity  .     l - +3 leather armour {rF+}
rNeg   . . .     SustAb   .     (no shield)
rPois  +         Gourm    .     D - +0 helmet
rElec  .         Spirit   .     s - +0 cloak
rCorr  .         Warding  .     j - +0 pair of gloves
rMut   .         Stasis   .     (no boots)
MR     .....                    (no amulet)
Stlth  +.........               G - ring "Dockadei" {rPois Str+3}
                                X - +3 ring of evasion

@: not resistant to hostile enchantments, very unstealthy
A: walk on water
a: Smiting, Recall Orcish Followers, Give Item to Named Follower, Renounce
Religion


You were on level 14 of the Dungeon.
You worshipped Beogh.
Beogh was extremely pleased with you.
You were near starving.

You visited 1 branch of the dungeon, and saw 14 of its levels.
You also visited: Labyrinth.

You collected 782 gold pieces.
You spent 373 gold pieces at shops.

Inventory:

Hand weapons
 b - a +2 flail of draining
 g - a +3 battleaxe of flaming
 m - a +0 hunting sling
 J - a +0 battleaxe of freezing
 S - a +5 vampiric executioner's axe (weapon)
Missiles
 x - 12 tomahawks (quivered)
Armour
 c - a +0 shield
 j - a +0 pair of gloves (worn)
 l - a +3 leather armour of fire resistance (worn)
 s - a +0 cloak (worn)
 B - a +0 scale mail
 D - a +0 helmet (worn)
Jewellery
 o - an uncursed ring of magical power
 v - a +3 ring of dexterity
 G - the ring "Dockadei" (right hand) {rPois Str+3}
   (You found it in a labyrinth)

   [ring of strength]

   It affects your strength (+3).
   It protects you from poison.
 H - a +3 ring of evasion
 X - a +3 ring of evasion (left hand)
Scrolls
 a - 2 scrolls of immolation {unknown}
 k - 6 scrolls of remove curse
 t - 2 scrolls of fog
 u - 3 scrolls of fear {unknown}
 y - 7 scrolls of teleportation
 I - 6 scrolls of identify
 M - a scroll of acquirement {unknown}
 U - 2 scrolls of enchant armour {unknown}
Potions
 d - 2 potions of cancellation
 f - a potion of poison
 h - 4 potions of curing
 p - 3 potions of brilliance
 z - 6 potions of restore abilities
 A - 2 potions of might
 C - a potion of flight
 E - a potion of agility
 O - a potion of mutation
 P - a potion of beneficial mutation {unknown}
 W - a potion of heal wounds
 Z - a potion of magic {unknown}
Books
 i - a book of Maledictions

   Spells                             Type                      Level
   a - Corona                         Hexes                        1
   b - Ensorcelled Hibernation        Hexes/Ice                    2
   c - Confuse                        Hexes                        3
   d - Tukima's Dance                 Hexes                        3
   e - Dazzling Spray                 Conjuration/Hexes            3
 n - a book of Frost

   Spells                             Type                      Level
   a - Freeze                         Ice                          1
   b - Throw Frost                    Conjuration/Ice              2
   c - Ozocubu's Armour               Charms/Ice                   3
   d - Throw Icicle                   Conjuration/Ice              4
   e - Summon Ice Beast               Ice/Summoning                4
   f - Condensation Shield            Ice                          4
 q - a book of Envenomations

   Spells                             Type                      Level
   a - Spider Form                    Transmutation/Poison         3
   b - Alistair's Intoxication        Transmutation/Poison         4
   c - Olgreb's Toxic Radiance        Poison                       4
   d - Poisonous Cloud                Conjuration/Poison/Air       6
 F - a book of Burglary

   Spells                             Type                      Level
   a - Swiftness                      Charms/Air                   2
   b - Passwall                       Transmutation/Earth          3
   c - Passage of Golubria            Translocation                4
   d - Lee's Rapid Deconstruction     Earth                        5
   e - Invisibility                   Hexes                        6
   f - Darkness                       Hexes                        7
 L - a book of Hinderance

   Spells                             Type                      Level
   a - Confusing Touch                Hexes                        2
   b - Confuse                        Hexes                        3
   c - Gell's Gravitas                Hexes/Translocation          3
   d - Petrify                        Transmutation/Earth          4
   e - Metabolic Englaciation         Hexes/Ice                    5
   f - Summon Mana Viper              Hexes/Summoning              5
 Q - a book of Alchemy

   Spells                             Type                      Level
   a - Sublimation of Blood           Necromancy                   2
   b - Alistair's Intoxication        Transmutation/Poison         4
   c - Condensation Shield            Ice                          4
   d - Petrify                        Transmutation/Earth          4
   e - Ignite Poison                  Fire/Transmutation/Poison    3
   f - Irradiate                      Conjuration/Transmutation    5
 R - a book of Ice

   Spells                             Type                      Level
   a - Ice Form                       Ice/Transmutation            4
   b - Metabolic Englaciation         Hexes/Ice                    5
   c - Ozocubu's Refrigeration        Ice                          6
   d - Bolt of Cold                   Conjuration/Ice              6
   e - Freezing Cloud                 Conjuration/Ice/Air          6
   f - Simulacrum                     Ice/Necromancy               6
 T - the Incunabulum of Assistive Orientation
   (You found it on level 10 of the Dungeon)

   Spells                             Type                      Level
   a - Apportation                    Translocation                1
   b - Shroud of Golubria             Charms/Translocation         2
   c - Recall                         Summoning/Translocation      3
   d - Warp Weapon                    Charms/Translocation         5
   e - Phase Shift                    Translocation                5
 V - a book of Geomancy

   Spells                             Type                      Level
   a - Sandblast                      Earth                        1
   b - Stoneskin                      Transmutation/Earth          2
   c - Passwall                       Transmutation/Earth          3
   d - Stone Arrow                    Conjuration/Earth            3
   e - Petrify                        Transmutation/Earth          4
   f - Lee's Rapid Deconstruction     Earth                        5
 Y - the Incunabulum of Augmentations
   (You found it in a labyrinth)

   Spells                             Type                      Level
   a - Infusion                       Charms                       1
   b - Swiftness                      Charms/Air                   2
   c - Ozocubu's Armour               Charms/Ice                   3
   d - Regeneration                   Charms/Necromancy            3
   e - Warp Weapon                    Charms/Translocation         5
   f - Excruciating Wounds            Charms/Necromancy            5
   g - Deflect Missiles               Charms/Air                   6
   h - Ring of Flames                 Charms/Fire                  7
Miscellaneous
 K - a plain deck of wonders
Comestibles
 e - 7 bread rations
 N - 4 meat rations


   Skills:
 - Level 10.2 Fighting
 * Level 20.6 Axes
 - Level 3.0 Throwing
 - Level 9.5 Armour
 - Level 3.2 Shields
 - Level 1.3 Spellcasting
 - Level 2.0 Charms


You had 12 spell levels left.
You knew the following spells:

 Your Spells              Type           Power        Failure   Level  Hunger
a - Swiftness             Chrm/Air       #.......     38%         2    ###....


Dungeon Overview and Level Annotations

Branches:
Dungeon (14/15)            Temple (0/1) D:5            Lair (0/8) D:11
    Orc (0/4) D:10         Vaults (0/5) D:14

Altars:
Cheibriados
Fedhas
Okawaru
Ru
Sif Muna
Trog
Vehumet
The Shining One

Shops:
D:4 (   D:10 (   D:11 %

Annotations:
D:14 Donald, Norris


Message History

You feel much better.
You feel less confused.
The centaur warrior shouts!
The human barely misses you.
The seven-headed hydra barely misses you.
The seven-headed hydra bites you.
The seven-headed hydra closely misses you.
The seven-headed hydra bites you but does no damage.
The seven-headed hydra bites you!
* * * LOW HITPOINT WARNING * * *
The seven-headed hydra bites you but does no damage.
The seven-headed hydra bites you.
* * * LOW HITPOINT WARNING * * *
The purple ugly thing basks in the mutagenic energy from its kin and changes!
The green ugly thing tail-slaps you.
* * * LOW HITPOINT WARNING * * *
Donald hits you with a double sword!
* * * LOW HITPOINT WARNING * * *
The hill giant hits you with a giant club!
You die...

##########.
..........c.#
#..........c.#
#.....Op.....#
#...upppp....#.
#...uppDpp....#
#....uu@Cp...#
#....pp@pC...#
#.....pppC...#
#.............#
#(...........#.
.#########..#
.#


You could see Donald, a seven-headed hydra, 4 ugly things, 2 hill giants, a
centaur warrior, a cyclops, a two-headed ogre, 16 humans and a centaur.

Vanquished Creatures
  A minotaur (Lab)
  Nergalle (D:11)
  5 unseen horrors
  A wizard (D:9)
  Pikel (D:6)
  3 hill giants
  The ghost of RobertPalmer the Sharpshooter, an experienced KoHu of Okawaru (D:6)
  A cyclops (D:12)
  A manticore (D:12)
  2 centaur skeletons
  A tengu conjurer (D:9)
  2 trolls
  5 slime creatures (D:13)
  A spectral orc (D:11)
  2 two-headed ogres
  A spriggan (D:7)
  Sigmund (D:2)
  5 yaks
  A wraith (D:11)
  A hippogriff (D:8)
  2 hungry ghosts
  Menkaure (D:4)
  2 vampire mosquitoes (D:12)
  A wolf (D:11)
  A sky beast (D:7)
  A water moccasin (D:11)
  2 slaves (D:6)
  4 orc warriors
  2 ice beasts
  A black bear (D:6)
  6 phantoms
  An eye of draining (D:13)
  13 centaurs
  2 necrophages (D:7)
  9 ogres
  3 big kobolds
  A crocodile (D:13)
  8 giant frogs
  8 scorpions
  2 wyvern skeletons
  The ghost of Nr616 the Ruffian, a weakling NaMo (D:4)
  15 killer bees
  3 wights (D:11)
  2 jellies
  4 lava snakes (Lab)
  6 orc priests
  A quasit (D:5)
  Ijyb (D:2)
  3 crimson imps
  3 giant frog skeletons
  9 orc wizards
  Jessica (D:3)
  4 hounds
  4 iguanas
  4 worker ants
  A killer bee zombie (D:8)
  A hound zombie (D:6)
  3 worker ant zombies
  15 gnolls
  Robin (D:2)
  8 adders
  A shadow imp (D:8)
  3 adder skeletons
  2 adder zombies
  2 worms (D:3)
  6 giant geckos
  28 orcs
  25 bats
  2 bat skeletons
  8 giant cockroaches
  16 goblins
  22 hobgoblins
  10 jackals
  3 quokkas
  A giant newt (D:2)
  2 giant spores
  27 kobolds
  A quokka zombie (D:5)
  12 rats
  A fungus (D:5)
  2 plants (D:10)
371 creatures vanquished.

Vanquished Creatures (collateral kills)
  Urug (D:12)
  An unseen horror (D:11)
  2 hill giants
  An ugly thing (D:11)
  A gargoyle (D:8)
  A troll (D:11)
  A wind drake (shapeshifter) (D:13)
  A slime creature (D:13)
  3 yaks
  A vampire mosquito (D:12)
  5 wolves (D:11)
  An ice beast (D:8)
  An orc warrior (D:8)
  A phantom (D:13)
  A centaur (D:12)
  2 big kobolds
  9 killer bees
  2 wights (D:11)
  An electric eel (D:11)
  A hound (D:8)
  A quasit (D:9)
  An orc wizard (D:8)
  A giant frog skeleton (D:8)
  2 spectral orcs (D:11)
  A worker ant (D:8)
  3 orcs (D:8)
  A hobgoblin (D:11)
  4 kobolds
  A quokka (D:8)
  A rat (D:10)
  A ballistomycete (D:8)
54 creatures vanquished.

Vanquished Creatures (others)
  An orc knight (D:13)
  6 orc warriors
  5 orc priests
  5 orc wizards
  17 orcs
  2 hobgoblins
  2 fungi (D:5)
38 creatures vanquished.

Grand Total: 463 creatures vanquished

Notes
Turn   | Place    | Note
--------------------------------------------------------------
     0 | D:1      | Hanyuu, the Hill Orc Fighter, began the quest for the Orb.
     0 | D:1      | Reached XP level 1. HP: 19/19 MP: 1/1
   211 | D:1      | Reached XP level 2. HP: 24/26 MP: 2/2
   491 | D:1      | Reached skill level 4 in Axes
   528 | D:1      | Reached XP level 3. HP: 28/31 MP: 3/3
   831 | D:2      | Noticed Sigmund
   852 | D:2      | Killed Sigmund
   852 | D:2      | Reached skill level 5 in Axes
   852 | D:2      | Reached XP level 4. HP: 8/41 MP: 4/4
   852 | D:2      | Reached XP level 5. HP: 9/47 MP: 5/5
   855 | D:2      | Reached skill level 5 in Fighting
  1146 | D:2      | Noticed Robin
  1151 | D:2      | Killed Robin
  1187 | D:2      | Reached XP level 6. HP: 36/56 MP: 6/6
  1424 | D:2      | Noticed Ijyb
  1442 | D:2      | Killed Ijyb
  1682 | D:3      | Reached skill level 6 in Axes
  1717 | D:3      | Found an iron altar of Okawaru.
  1717 | D:3      | Found a radiant altar of Vehumet.
  1718 | D:3      | Found a blossoming altar of Fedhas.
  1722 | D:3      | Found a deep blue altar of Sif Muna.
  1725 | D:3      | Found a bloodstained altar of Trog.
  1726 | D:3      | Found a snail-covered altar of Cheibriados.
  1787 | D:3      | Noticed Jessica
  1794 | D:3      | Reached skill level 5 in Armour
  1804 | D:3      | Killed Jessica
  1965 | D:3      | Found a sacrificial altar of Ru.
  2111 | D:3      | Upgraded the game from 0.17-a0-776-gd86b262 to 0.17-a0-777-g32247ce
  2272 | D:4      | Became a worshipper of Beogh the Brigand
  2279 | D:4      | Reached XP level 7. HP: 43/61 MP: 7/7
  2468 | D:4      | Noticed Menkaure
  2824 | D:4      | Found Lywnez's Weapon Shop.
  3023 | D:4      | Killed Menkaure
  3023 | D:4      | Reached skill level 7 in Axes
  3185 | D:4      | Upgraded the game from 0.17-a0-777-g32247ce to 0.17-a0-802-g1f09329
  3493 | D:4      | Acquired Beogh's first power
  3874 | D:4      | Noticed Nr616's ghost (weakling NaMo)
  3883 | D:4      | Reached skill level 8 in Axes
  3921 | D:4      | Killed Nr616's ghost
  3921 | D:4      | Reached XP level 8. HP: 37/71 MP: 8/8
  4332 | D:5      | Entered Level 5 of the Dungeon
  4368 | D:5      | Found a staircase to the Ecumenical Temple.
  4493 | D:5      | Reached skill level 1 in Throwing
  4878 | D:5      | Learned a level 2 spell: Swiftness
  4958 | D:6      | Found a glowing golden altar of the Shining One.
  4978 | D:6      | Reached skill level 9 in Axes
  5515 | D:5      | Reached skill level 1 in Charms
  5856 | D:5      | Acquired Beogh's second power
  6078 | D:5      | Reached XP level 9. HP: 79/79 MP: 9/9
  6290 | D:6      | Reached skill level 10 in Axes
  6939 | D:6      | Noticed RobertPalmer's ghost (experienced KoHu)
  6977 | D:6      | Killed RobertPalmer's ghost
  6984 | D:6      | Noticed Pikel
  7005 | D:6      | Killed Pikel
  7005 | D:6      | Reached skill level 11 in Axes
  7674 | D:6      | Reached XP level 10. HP: 74/90 MP: 10/10
  7753 | D:7      | Reached skill level 12 in Axes
  8512 | D:7      | Acquired Beogh's third power
  8861 | D:8      | Reached skill level 13 in Axes
  9166 | D:8      | Gained Murdo as an ally
  9916 | D:8      | Acquired Beogh's fourth power
 10174 | D:9      | Noticed a five-headed hydra
 10178 | D:9      | Noticed a wizard
 10204 | D:9      | Your ally Murdo died
 10494 | D:8      | Reached skill level 10 in Fighting
 10781 | D:9      | Got a scorched scythe
 10833 | D:9      | Killed a wizard
 10833 | D:9      | Reached skill level 1 in Spellcasting
 10833 | D:9      | Reached XP level 11. HP: 51/100 MP: 12/12
 10864 | D:9      | Reached skill level 14 in Axes
 11443 | D:4      | Bought a +3 battleaxe of flaming for 373 gold pieces
 12198 | D:10     | Entered Level 10 of the Dungeon
 12205 | D:10     | Acquired Beogh's fifth power
 12354 | D:10     | Noticed a hill giant
 12359 | D:10     | Killed a hill giant
 12378 | D:10     | Reached skill level 15 in Axes
 12432 | D:10     | Identified the Incunabulum of Assistive Orientation
 12580 | D:10     | Found a staircase to the Orcish Mines.
 12622 | D:10     | Noticed a hill giant
 12728 | D:10     | Found Qiedykh's Antique Weapon Shop.
 12742 | D:10     | Killed an unseen horror
 12863 | D:10     | Noticed a hill giant
 12870 | D:10     | Killed a hill giant
 12946 | D:11     | Reached skill level 16 in Axes
 13015 | D:11     | Found a staircase to the Lair.
 13022 | D:11     | Noticed Nergalle
 13027 | D:11     | Gained Marbork as an ally
 13033 | D:11     | Killed Nergalle
 13160 | D:11     | Killed an unseen horror
 13160 | D:11     | Reached skill level 17 in Axes
 13280 | D:11     | Reached XP level 12. HP: 93/106 MP: 13/13
 13327 | D:11     | Gained Boruk as an ally
 13504 | D:11     | Found Mutal's Food Shoppe.
 13617 | D:11     | Your ally Marbork died
 13658 | D:11     | Reached skill level 18 in Axes
 14095 | D:12     | Noticed Urug
 14103 | D:12     | Killed Urug
 14333 | D:12     | Reached skill level 19 in Axes
 15246 | D:13     | Found a labyrinth entrance.
 15251 | D:13     | Gained Marbork as an ally
 15258 | Lab      | Entered a labyrinth
 15671 | Lab      | Noticed a minotaur
 15683 | Lab      | Killed a minotaur
 15701 | Lab      | Got a bound granite ring
 15703 | Lab      | Identified the ring "Dockadei" {rPois Str+3} (You found it in a labyrinth)
 15731 | Lab      | Identified the Incunabulum of Augmentations
 15962 | D:13     | Reached skill level 20 in Axes
 16245 | D:13     | Your ally Marbork died
 16603 | D:13     | Reached XP level 13. HP: 82/113 MP: 14/14
 17005 | D:14     | Found a gate to the Vaults.
 17005 | D:14     | Noticed Norris
 17005 | D:14     | Noticed Donald
 17012 | D:14     | HP: 3/113 [Donald/double sword (13)]
 17012 | D:14     | Mangled by a hill giant

Action                   |  1- 3 |  4- 6 |  7- 9 | 10-12 | 13-15 || total
-------------------------+-------+-------+-------+-------+-------++-------
Melee: War axe           |    93 |   133 |   386 |   253 |       ||   865
       Battleaxe         |       |       |    14 |    14 |       ||    28
       Executioner's axe |       |       |       |   335 |    10 ||   345
 Fire: Blowgun           |       |       |    15 |     6 |       ||    21
Throw: Tomahawk          |       |       |     6 |     7 |       ||    13
Invok: Convert to Beogh  |       |     1 |       |       |       ||     1
       Smiting           |       |       |     2 |     2 |       ||     4
       Recall Orcish Fol |       |       |       |     5 |       ||     5
  Use: Potion            |     6 |       |     3 |     3 |     1 ||    13
       Scroll            |       |       |     7 |    15 |       ||    22
 Stab: Distracted        |       |       |       |     5 |       ||     5
  Eat: Chunk             |       |     4 |     5 |    11 |       ||    20
       Bread ration      |       |       |     3 |     3 |       ||     6
       Pizza             |       |       |       |     2 |       ||     2
       Beef jerky        |       |       |       |     1 |       ||     1
       Meat ration       |       |       |       |     1 |       ||     1
